 Dungeon Crawl Stone Soup version 0.18.1-48-g4cf74bf (webtiles) character file.

778 Heedrag the Conjurer (level 7, -2/46 HPs)
             Began as a Demonspawn Fire Elementalist on Aug 1, 2016.
             Killed from afar by atgrul's ghost (9 damage)
             ... with a blast of rock fragments
             ... on level 5 of the Dungeon.
             The game lasted 00:12:10 (4943 turns).

Heedrag the Conjurer (Demonspawn Fire Elementalist) Turns: 4943, Time: 00:12:11

Health: -2/46      AC:  4    Str:  9    XL:     7   Next: 54%
Magic:  9/14       EV: 12    Int: 18    God:
Gold:   133        SH:  0    Dex: 13    Spells: 3 memorised, 9 levels left

rFire  . . .     SeeInvis +     j - +3 mace
rCold  . . .     Gourm    .     a - +0 robe
rNeg   . . .     Faith    .     (no shield)
rPois  +         Spirit   .     (no helmet)
rElec  .         Dismiss  .     (no cloak)
rCorr  .         Reflect  .     (no gloves)
SustAt .         Harm     .     l - +0 pair of boots
MR     .....                    r - amulet of inaccuracy (curse)
Stlth  ++........               f - ring of see invisible
                                k - ring of poison resistance

@: not resistant to hostile enchantments, unstealthy
A: talons 1, icy blue scales 1, demonic guardian 2
a: no special abilities


You were on level 5 of the Dungeon.
You were hungry.

You visited 1 branch of the dungeon, and saw 5 of its levels.

You collected 133 gold pieces.

Inventory:

Hand Weapons
 j - a +3 mace (weapon)
Armour
 a - a +0 robe (worn)
 l - a +0 pair of boots (worn)
 q - a troll hide
 E - the +2 leather armour of Magic {rC+ rN+ Dex-2, unknown}
   (You found it on level 5 of the Dungeon)

   It affects your dexterity (-2).
   It protects you from cold.
   It protects you from negative energy.
Jewellery
 f - a ring of see invisible (right hand)
 k - a ring of poison resistance (left hand)
 r - a cursed amulet of inaccuracy (around neck)
 s - a +2 amulet of reflection {unknown}
Wands
 p - a wand of disintegration (1/24)
Scrolls
 e - 2 scrolls of remove curse {unknown}
 g - 4 scrolls of identify {unknown}
 h - 2 scrolls of teleportation {unknown}
 n - 2 scrolls of magic mapping {unknown}
 t - 3 scrolls of blinking {unknown}
 u - a scroll of random uselessness {unknown}
 w - 4 scrolls of fear {unknown}
 x - a scroll of amnesia {unknown}
 y - 2 scrolls of fog {unknown}
Potions
 m - 2 potions of curing {unknown}
 v - a potion of mutation {unknown}
 z - a potion of lignification {unknown}
 A - a potion of might {unknown}
 B - a potion of flight {unknown}
 C - 2 potions of magic {unknown}
 D - a potion of heal wounds {unknown}
Books
 b - a book of Flames

   Spells                             Type                      Level
   a - Flame Tongue                   Conjuration/Fire             1
   b - Throw Flame                    Conjuration/Fire             2
   c - Conjure Flame                  Conjuration/Fire             3
   d - Inner Flame                    Hexes/Fire                   3
   e - Sticky Flame                   Conjuration/Fire             4
   f - Fireball                       Conjuration/Fire             5
Comestibles
 c - 4 bread rations
 d - 3 meat rations
 i - a slice of pizza
 o - a beef jerky


   Skills:
 - Level 1.7 Dodging
 - Level 1.7 Stealth
 + Level 4.8 Spellcasting
 * Level 6.8 Conjurations
 - Level 2.6 Fire Magic


You had 9 spell levels left.
You knew the following spells:

 Your Spells              Type           Power        Failure   Level  Hunger
a - Flame Tongue          Conj/Fire      ###..        1%          1    None
b - Throw Flame           Conj/Fire      ###...       2%          2    #......
c - Conjure Flame         Conj/Fire      ###.....     6%          3    ###....


Dungeon Overview and Level Annotations

Branches:
Dungeon (5/15)             Temple (0/1) D:4

Altars:
Pakellas
Sif Muna
Trog
The Shining One

Annotations:
D:5 atgrul's ghost, amateur DDEE


Innate Abilities, Weirdness & Mutations

You have sharp toenails.
You are partially covered in icy blue scales (AC +1).
A demonic guardian rushes to your aid.


Message History

Atgrul's ghost closely misses yer ice devil.
Yer ice devil barely misses atgrul's ghost.
Castin': Flame Tongue Confirm wit' . or Enter, or press ? or * ta list all spells.
Aimin': Flame Tongue
Press: ? - help, Shift-Dir - straight line, f/p - atgrul's ghost
Aim: atgrul's ghost, wieldin' a weapon o' electrocution (almost destroyed) Yer demonic guardian avoids yer attack.
Tha flame tongue hits atgrul's ghost.
Atgrul's ghost be almost destroyed.
Atgrul's ghost hits yer ice devil.
Thar be a sudd'n 'splosion o' sparks!
Yer ice devil completely misses atgrul's ghost.
Castin': Flame Tongue Confirm wit' . or Enter, or press ? or * ta list all spells.
Aimin': Flame Tongue
Press: ? - help, Shift-Dir - straight line, f/p - atgrul's ghost
Aim: atgrul's ghost, wieldin' a weapon o' electrocution (almost destroyed) Yer demonic guardian avoids yer attack.
Tha flame tongue misses atgrul's ghost.
Atgrul's ghost gestures next ta ye while chantin'.
Tha wall shatters!
Tha blast o' rock fragmn'ts hits ye!
Ye die...

..#......## ########
......... ........
......W ........ .
#.#... ........
#.###.#.. ########
.......W##########......
#......4................
#.......##..............
#......@.#.....(........
#.....>.##..............
#.......##.........##.##
#.......##.........+..##
#.......##.........#####
#.......##..........# #
#.......##..........# #
#####.
#.......##..........####
......# #............##


You could see atgrul's ghost and a friendly ice devil.

Vanquished Creatures
  An ice beast (D:5)
  An ogre (D:4)
  A scorpion (D:4)
  A centaur zombie (D:5)
  2 orc wizards (D:3)
  An orc priest (D:3)
  An iguana (D:4)
  2 worker ants (D:4)
  5 adders
  An ooze (D:2)
  5 worms
  3 dart slugs
  4 giant geckos
  5 orcs
  A ball python (D:3)
  A giant cockroach (D:3)
  7 goblins
  9 hobgoblins
  14 jackals
  2 quokkas
  3 bats
  8 giant newts
  10 kobolds
  6 rats
94 creatures vanquished.

Vanquished Creatures (collateral kills)
  Grinder (D:4)
  An ogre (D:4)
  An orc priest (D:3)
  An iguana (D:4)
  2 orcs (D:4)
6 creatures vanquished.

Grand Total: 100 creatures vanquished

Notes
Turn   | Place    | Note
--------------------------------------------------------------
     0 | D:1      | Heedrag the Demonspawn Fire Elementalist began the quest for the Orb.
     0 | D:1      | Reached XP level 1. HP: 13/13 MP: 3/3
   344 | D:1      | Gained mutation: You have sharp toenails. [demonic ancestry]
   344 | D:1      | Reached XP level 2. HP: 18/19 MP: 1/5
   537 | D:1      | Learned a level 2 spell: Throw Flame
   567 | D:1      | Reached skill level 2 in Conjurations
   822 | D:1      | Gained mutation: You are partially covered in icy blue scales (AC +1). [demonic ancestry]
   822 | D:1      | Reached XP level 3. HP: 19/24 MP: 1/6
  1325 | D:2      | Learned a level 3 spell: Conjure Flame
  1441 | D:2      | Reached skill level 3 in Conjurations
  1507 | D:2      | Gained mutation: A weak demonic guardian rushes to your aid. [demonic ancestry]
  1507 | D:2      | Reached XP level 4. HP: 29/30 MP: 4/8
  1934 | D:2      | Found an oddly glowing altar of Pakellas.
  2700 | D:3      | Reached XP level 5. HP: 27/35 MP: 2/9
  2843 | D:3      | Reached skill level 4 in Conjurations
  3145 | D:4      | Found a bloodstained altar of Trog.
  3145 | D:4      | Found a glowing golden altar of the Shining One.
  3145 | D:4      | Found a deep blue altar of Sif Muna.
  3157 | D:4      | Noticed an ogre
  3174 | D:4      | Killed an ogre
  3202 | D:4      | Reached XP level 6. HP: 41/41 MP: 4/11
  3387 | D:4      | Reached skill level 5 in Conjurations
  3558 | D:4      | Noticed Grinder
  3598 | D:4      | Paralysed by Grinder for 4 turns
  3612 | D:4      | Found a staircase to the Ecumenical Temple.
  3618 | D:4      | Killed Grinder
  3697 | D:4      | Reached skill level 6 in Conjurations
  3697 | D:4      | Gained mutation: A demonic guardian rushes to your aid. [demonic ancestry]
  3697 | D:4      | Reached XP level 7. HP: 25/46 MP: 7/13
  4552 | D:5      | Entered Level 5 of the Dungeon
  4646 | D:5      | Got an encrusted leather armour
  4935 | D:5      | Noticed atgrul's ghost (amateur DDEE)
  4943 | D:5      | Killed from afar by atgrul's ghost

Skill      XL: |  1  2  3  4  5  6 |
---------------+-------------------+-----
Conjurations   | 2 3 4 6 |  6.8
Spellcasting   | 3 4 |  4.8
Dodging        | |  1.7
Stealth        | |  1.7
Fire Magic     | |  2.6

Action                   |  1- 3 |  4- 6 |  7- 9 || total
-------------------------+-------+-------+-------++-------
Melee: Unarmed           |    12 |       |       ||    12
       Mace              |     7 |    18 |     3 ||    28
 Cast: Flame Tongue      |    59 |   108 |    44 ||   211
  Eat: Chunk             |     2 |     7 |     3 ||    12
Armor: Robe              |    11 |    14 |     1 ||    26
Dodge: Dodged            |    37 |    60 |    12 ||   109
